MLB
JACKSONVILLE BOMBERS @ CHICAGO (N) CUBS
03/25/2042
 
TOP OF THE 1ST
Jacksonville Bombers batting - Pitching for Chicago (N) Cubs : RHP Sergio Galván
Pitching: RHP Sergio Galván
Batting: LHB Dave Minor 0-0: Ball
1-0: Bunted foul
1-1: DOUBLE (Groundball, 5L, EV 103.8 MPH)
Batting: RHB Jim Brown 0-0: Called Strike
0-1: Ball
1-1: Ball
2-1: Foul Ball, location: 2F
2-2: Ball
Wild Pitch!
Dave Minor to third
3-2: Strikes out looking
Batting: LHB Yoshihito Abe 0-0: Foul Ball, location: 2F
0-1: Swinging Strike
0-2: Ball
1-2: Ball
2-2: Strikes out swinging
Batting: RHB José Alonso 0-0: Ball
1-0: SINGLE (Flyball, 34D, EV 91.3 MPH)
Dave Minor scores
Batting: LHB Héctor González 0-0: Swinging Strike
0-1: Ball
1-1: Called Strike
1-2: Strikes out swinging
Top of the 1st over - 1 run, 2 hits, 0 errors, 1 left on base; Jacksonville 1 - Chicago (N) 0
BOTTOM OF THE 1ST
Chicago (N) Cubs batting - Pitching for Jacksonville Bombers : RHP Juan Lugo
Pitching: RHP Juan Lugo
Batting: RHB Mario Quintanilla 0-0: Ball
1-0: Foul Ball, location: 2F
1-1: Ball
2-1: Ground out 4-3 (Groundball, 34, EV 100.6 MPH)
Batting: LHB Shawn Schmitt 0-0: SINGLE (Groundball, 6M, EV 103.1 MPH) (infield hit)
Batting: RHB Ed Kirby 0-0: DOUBLE (Line Drive, 78XD, EV 108.1 MPH)
Shawn Schmitt to third
Runner from 3rd tries for Home, SAFE, throw by LF to home
Batting: RHB Víctor Montaño 0-0: Ball
1-0: Ball
2-0: DOUBLE (Line Drive, 7LM, EV 111.9 MPH)
Ed Kirby scores
Batting: LHB Mauro Martínez 0-0: Called Strike
Víctor Montaño steals 3rd base
0-1: Foul Ball, location: 23FF
0-2: Ground out 5-3 (Groundball, 56, EV 110.0 MPH)
Víctor Montaño scores
Batting: LHB Len Donovan 0-0: Ball
1-0: Ground out U3 (Groundball, 3S, EV 87.5 MPH)
Bottom of the 1st over - 3 runs, 3 hits, 0 errors, 0 left on base; Jacksonville 1 - Chicago (N) 3
TOP OF THE 2ND
Jacksonville Bombers batting - Pitching for Chicago (N) Cubs : RHP Sergio Galván
Batting: RHB Jeremie Gentileschi 0-0: Ball
1-0: Ball
2-0: Swinging Strike
2-1: Called Strike
2-2: Strikes out looking
Batting: RHB Raúl Toro 0-0: Ball
1-0: Called Strike
1-1: Ball
2-1: Ball
3-1: Called Strike
3-2: Strikes out swinging
Batting: LHB Juan Novoa 0-0: Swinging Strike
0-1: Ball
1-1: Foul Ball, location: 3F
1-2: Ball
2-2: Strikes out looking
Top of the 2nd over - 0 runs, 0 hits, 0 errors, 0 left on base; Jacksonville 1 - Chicago (N) 3
BOTTOM OF THE 2ND
Chicago (N) Cubs batting - Pitching for Jacksonville Bombers : RHP Juan Lugo
Batting: LHB Doug Conway 0-0: Ball
1-0: Called Strike
1-1: Ground out 5-3 (Groundball, 5, EV 84.4 MPH)
Batting: RHB Juan Cuevas 0-0: Called Strike
0-1: Ground out 5-3 (Groundball, 5L, EV 81.9 MPH)
Batting: RHB Raúl Peña 0-0: SINGLE (Groundball, 6MS, EV 76.3 MPH) (infield hit)
Batting: RHB Mario Quintanilla 0-0: Called Strike
0-1: Swinging Strike
0-2: Foul Ball, location: 9LSF
0-2: Ball
1-2: Foul Ball, location: 2F
1-2: Foul Ball, location: 7LMF
1-2: Ball
2-2: Ball
3-2: Base on Balls
Raúl Peña to second
Batting: LHB Shawn Schmitt 0-0: Foul Ball, location: 9LDF
0-1: Foul Ball, location: 2F
0-2: Foul Ball, location: 2F
0-2: SINGLE (Line Drive, 78S, EV 98.1 MPH)
Raúl Peña to third
Mario Quintanilla to second
Batting: RHB Ed Kirby 0-0: Swinging Strike
0-1: SINGLE (Flyball, 34D, EV 85.0 MPH)
Raúl Peña scores
Mario Quintanilla to third
Shawn Schmitt to second
Runner from 3rd tries for Home, SAFE, throw by RF to home
Batting: RHB Víctor Montaño 0-0: Called Strike
0-1: Fly out, F7 (Flyball, 7, EV 91.9 MPH)
Bottom of the 2nd over - 2 runs, 3 hits, 0 errors, 2 left on base; Jacksonville 1 - Chicago (N) 5
TOP OF THE 3RD
Jacksonville Bombers batting - Pitching for Chicago (N) Cubs : RHP Sergio Galván
Batting: RHB Pat Mayer 0-0: Ball
1-0: Ball
2-0: Ball
3-0: Base on Balls
Pitching: RHP Tony Calderón
Batting: LHB Dave Minor 0-0: Called Strike
0-1: Ball
1-1: Foul Ball, location: 9LMF
1-2: Foul Ball, location: 7LSFF
1-2: Foul Ball, location: 23FF
1-2: Ball
2-2: Ball
3-2: Foul Ball, location: 2F
3-2: Strikes out swinging
Batting: RHB Jim Brown 0-0: Called Strike
0-1: Ball
1-1: Swinging Strike
1-2: Grounds into double play, 6-4-3 (Groundball, 6, EV 80.0 MPH)
Top of the 3rd over - 0 runs, 0 hits, 0 errors, 0 left on base; Jacksonville 1 - Chicago (N) 5
BOTTOM OF THE 3RD
Chicago (N) Cubs batting - Pitching for Jacksonville Bombers : RHP Juan Lugo
Batting: LHB Mauro Martínez 0-0: Fly out, F5 (Popup, 5SF, EV 71.9 MPH)
Batting: LHB Len Donovan 0-0: Foul Ball, location: 2F
0-1: Ball
1-1: Swinging Strike
1-2: Strikes out swinging
Batting: LHB Doug Conway 0-0: Ball
1-0: SINGLE (Line Drive, 34, EV 98.8 MPH)
Batting: RHB Juan Cuevas 0-0: Ball
1-0: Called Strike
Doug Conway steals 2nd base
1-1: Foul Ball, location: 9LDF
1-2: Ground out 4-3 (Groundball, 4, EV 88.8 MPH)
Bottom of the 3rd over - 0 runs, 1 hit, 0 errors, 1 left on base; Jacksonville 1 - Chicago (N) 5
TOP OF THE 4TH
Jacksonville Bombers batting - Pitching for Chicago (N) Cubs : RHP Tony Calderón
Pitching: LHP Artie Crawford
Batting: LHB Yoshihito Abe 0-0: Ball
1-0: Called Strike
1-1: Ball
2-1: Swinging Strike
2-2: Strikes out swinging
Batting: RHB José Alonso 0-0: Called Strike
0-1: Swinging Strike
0-2: Strikes out looking
Batting: LHB Héctor González 0-0: Called Strike
0-1: Ball
1-1: Swinging Strike
1-2: Fly out, F8 (Line Drive, 8LD, EV 74.4 MPH)
Top of the 4th over - 0 runs, 0 hits, 0 errors, 0 left on base; Jacksonville 1 - Chicago (N) 5
BOTTOM OF THE 4TH
Chicago (N) Cubs batting - Pitching for Jacksonville Bombers : RHP Juan Lugo
Batting: RHB Raúl Peña 0-0: SINGLE (Groundball, 56D, EV 103.8 MPH)
Pinch Hitting: RHB Joe Hunt 0-0: Ball
1-0: Ground out 6-3 (Groundball, 6, EV 85.0 MPH)
Raúl Peña to second
Batting: LHB Shawn Schmitt 0-0: Ball
1-0: Swinging Strike
1-1: Ball
2-1: Hit by Pitch
Batting: RHB Ed Kirby 0-0: Fly out, F8 (Flyball, 89M, EV 95.6 MPH)
Batting: RHB Víctor Montaño 0-0: Ball
1-0: Fielders Choice at 2nd, 6-4 (Groundball, 6, EV 88.1 MPH)
Bottom of the 4th over - 0 runs, 1 hit, 0 errors, 2 left on base; Jacksonville 1 - Chicago (N) 5
TOP OF THE 5TH
Jacksonville Bombers batting - Pitching for Chicago (N) Cubs : LHP Artie Crawford
Pitching: LHP Sean Fox
Now in CF: Juan De Los Santos
Now in RF: Paolo Pacheco
Batting: RHB Jeremie Gentileschi 0-0: Called Strike
0-1: Called Strike
0-2: Strikes out swinging
Batting: RHB Raúl Toro 0-0: Called Strike
0-1: Called Strike
0-2: Ball
1-2: Foul Ball, location: 9LSF
1-2: Ground out 5-3 (Groundball, 56, EV 83.8 MPH)
Batting: LHB Juan Novoa 0-0: Foul Ball, location: 5F
0-1: Fly out, F4 (Popup, 34D, EV 63.8 MPH)
Top of the 5th over - 0 runs, 0 hits, 0 errors, 0 left on base; Jacksonville 1 - Chicago (N) 5
BOTTOM OF THE 5TH
Chicago (N) Cubs batting - Pitching for Jacksonville Bombers : RHP Juan Lugo
Batting: LHB Mauro Martínez 0-0: Called Strike
0-1: Ground out 3-1 (Groundball, 34, EV 78.1 MPH)
Pinch Hitting: RHB Tony Aguirre 0-0: Ball
1-0: Ball
2-0: Fly out, F3 (Popup, 34, EV 78.8 MPH)
Batting: LHB Doug Conway 0-0: Ball
1-0: Ground out 4-3 (Groundball, 34, EV 81.3 MPH)
Bottom of the 5th over - 0 runs, 0 hits, 0 errors, 0 left on base; Jacksonville 1 - Chicago (N) 5
TOP OF THE 6TH
Jacksonville Bombers batting - Pitching for Chicago (N) Cubs : LHP Sean Fox
Pitching: RHP Doug Minor
Now at 3B: Tony Aguirre
Now in LF: Bob Johnson
Batting: RHB Pat Mayer 0-0: Foul Ball, location: 25F
0-1: Ball
1-1: Foul Ball, location: 9LMF
1-2: Ball
2-2: Fly out, F8 (Flyball, 8RM, EV 95.6 MPH)
Batting: LHB Dave Minor 0-0: Ball
1-0: Foul Ball, location: 5FF
1-1: SINGLE (Groundball, 6S, EV 68.1 MPH) (infield hit)
Batting: RHB Jim Brown 0-0: Grounds into double play, 5-4-3 (Groundball, 56, EV 81.3 MPH)
Top of the 6th over - 0 runs, 1 hit, 0 errors, 0 left on base; Jacksonville 1 - Chicago (N) 5
BOTTOM OF THE 6TH
Chicago (N) Cubs batting - Pitching for Jacksonville Bombers : RHP Juan Lugo
Now at 2B: Al Griffin
Pinch Hitting: RHB Màximo Guera 0-0: Called Strike
0-1: Ball
1-1: Ball
2-1: Ball
3-1: Ground out 5-3 (Groundball, 5L, EV 88.8 MPH)
Batting: RHB Raúl Peña 0-0: Ball
1-0: DOUBLE (Flyball, 8LD, EV 110.6 MPH)
Batting: LHB Paolo Pacheco 0-0: Ball
1-0: Called Strike
1-1: Ball
2-1: Ball
Wild Pitch!
Raúl Peña to third
3-1: Foul Ball, location: 5F
3-2: Base on Balls
Pitching: RHP Kevin Tucker
Batting: LHB Bob Johnson 0-0: Ball
1-0: Ball
Paolo Pacheco steals 2nd base (no throw)
2-0: Ball
3-0: Called Strike
3-1: Fly out, F6 (Popup, 4MD, EV 51.9 MPH)
Batting: LHB Luis Cardenas 0-0: Ball
1-0: Fly out, F7 (Flyball, 7S, EV 90.6 MPH)
Bottom of the 6th over - 0 runs, 1 hit, 0 errors, 2 left on base; Jacksonville 1 - Chicago (N) 5
TOP OF THE 7TH
Jacksonville Bombers batting - Pitching for Chicago (N) Cubs : RHP Doug Minor
Pitching: RHP Adrián Chávez
Now at 2B: Esteban Garza
Now at SS: Màximo Guera
Batting: LHB Yoshihito Abe 0-0: SOLO HOME RUN (Flyball, 89XD, EV 103.1 MPH), Distance : 418 ft
Batting: RHB José Alonso 0-0: Ball
1-0: Ground out 6-3 (Groundball, 6, EV 83.8 MPH)
Batting: LHB Héctor González 0-0: Called Strike
0-1: Ground out 4-3 (Groundball, 4, EV 78.8 MPH)
Batting: RHB Al Griffin 0-0: SINGLE (Groundball, 6MD, EV 96.9 MPH)
Batting: RHB Raúl Toro 0-0: Called Strike
0-1: SINGLE (Groundball, 4D, EV 108.8 MPH)
Al Griffin to second
Runner from 2nd tries for 3rd, SAFE, throw by RF made to third
Batting: LHB Juan Novoa 0-0: Swinging Strike
0-1: Fly out, F9 (Flyball, 9LM, EV 96.3 MPH)
Top of the 7th over - 1 run, 3 hits, 0 errors, 2 left on base; Jacksonville 2 - Chicago (N) 5
BOTTOM OF THE 7TH
Chicago (N) Cubs batting - Pitching for Jacksonville Bombers : RHP Kevin Tucker
Pitching: RHP Eli Clark
Batting: LHB Juan De Los Santos 0-0: Ball
1-0: Ground out 6-3 (Groundball, 6M, EV 83.1 MPH)
Batting: LHB Mauro Martínez 0-0: Called Strike
0-1: Ball
1-1: Foul Ball, location: 2F
1-2: Foul Ball, location: 5FF
1-2: Foul Ball, location: 2F
1-2: Ball
2-2: Ground out 4-3 (Groundball, 4, EV 86.9 MPH)
Batting: RHB Tony Aguirre 0-0: Fly out, F3 (Popup, 3F, EV 68.8 MPH)
Bottom of the 7th over - 0 runs, 0 hits, 0 errors, 0 left on base; Jacksonville 2 - Chicago (N) 5
TOP OF THE 8TH
Jacksonville Bombers batting - Pitching for Chicago (N) Cubs : RHP Adrián Chávez
Pitching: RHP Alfredo Vera
Batting: RHB Pat Mayer 0-0: Swinging Strike
0-1: Ball
1-1: Ball
2-1: Swinging Strike
2-2: Ball
3-2: Strikes out swinging, 2-3 out at first.
Batting: LHB Dave Minor 0-0: SINGLE (Groundball, 4D, EV 100.0 MPH)
Batting: RHB Jim Brown 0-0: Called Strike
0-1: Ball
1-1: Swinging Strike
1-2: Strikes out swinging
Batting: LHB Yoshihito Abe 0-0: Foul Ball, location: 5SF
0-1: SINGLE (Flyball, 7S, EV 91.9 MPH)
Dave Minor to second
Batting: RHB José Alonso 0-0: Fly out, F8 (Flyball, 8RM, EV 92.5 MPH)
Top of the 8th over - 0 runs, 2 hits, 0 errors, 2 left on base; Jacksonville 2 - Chicago (N) 5
BOTTOM OF THE 8TH
Chicago (N) Cubs batting - Pitching for Jacksonville Bombers : RHP Eli Clark
Pitching: RHP Alex Simmons
Batting: RHB Esteban Garza 0-0: Ball
1-0: Foul Ball, location: 7LSF
1-1: Foul Ball, location: 2RF
1-2: Ball
2-2: Strikes out swinging
Batting: RHB Màximo Guera 0-0: Called Strike
0-1: Fly out, F4 (Popup, 34S, EV 85.0 MPH)
Batting: RHB Raúl Peña 0-0: Fly out, F4 (Popup, 4, EV 64.4 MPH)
Bottom of the 8th over - 0 runs, 0 hits, 0 errors, 0 left on base; Jacksonville 2 - Chicago (N) 5
TOP OF THE 9TH
Jacksonville Bombers batting - Pitching for Chicago (N) Cubs : RHP Alfredo Vera
Pitching: RHP Jonah Henry
Batting: LHB Héctor González 0-0: Called Strike
0-1: Fly out, F3 (Popup, 3, EV 58.8 MPH)
Batting: RHB Al Griffin 0-0: Ball
1-0: Called Strike
1-1: Ground out 4-3 (Groundball, 4, EV 101.9 MPH)
Batting: RHB Raúl Toro 0-0: Ball
1-0: Swinging Strike
1-1: Ball
2-1: Ball
3-1: Foul Ball, location: 3F
3-2: Foul Ball, location: 2F
3-2: Strikes out looking
Top of the 9th over - 0 runs, 0 hits, 0 errors, 0 left on base; Jacksonville 2 - Chicago (N) 5
Friday, May 3rd , 2024 - OOTP Baseball 24.10 Build 82